 Dungeon Crawl Stone Soup version 0.20-a0-640-g62ed22f (webtiles) character file.

126 polly the Slasher (level 4, 0/51 HPs)
             Began as a Demonspawn Gladiator on Feb 13, 2017.
             Killed from afar by an orc wizard (5 damage)
             ... with a puff of flame
             ... on level 3 of the Dungeon.
             The game lasted 00:02:20 (1459 turns).

polly the Slasher (Demonspawn Gladiator)            Turns: 1459, Time: 00:02:21

Health: 0/51       AC: 22    Str: 15    XL:     4   Next: 83%
Magic:  4/4        EV:  2    Int:  9    God:
Gold:   112        SH:  0    Dex: 15    Spells: 3/3 levels left

rFire    . . .     SeeInvis .   a - +0 long sword
rCold    . . .     Gourm    .   (armour currently unavailable)
rNeg     + + +     Faith    .   (no shield)
rPois    +         Spirit   .   (helmet currently unavailable)
rElec    .         Reflect  .   (cloak currently unavailable)
rCorr    .         Harm     .   (gloves currently unavailable)
MR       .....     NoTele   +   (boots currently unavailable)
Stlth    +.........             (no amulet)
Regen    0.2/turn               (no ring)
MPRegen  0.1/turn               (no ring)

@: tree-form (expiring)
A: (molten scales 0)
a: no special abilities


You were on level 3 of the Dungeon.
You were not hungry.
You were a tree.
You visited 1 branch of the dungeon, and saw 3 of its levels.

You collected 112 gold pieces.

Inventory:

Hand Weapons
 a - a +0 long sword (weapon)
Missiles
 d - 3 throwing nets (quivered)
Armour
 b - a +0 leather armour (melded)
 c - a +0 helmet (melded)
 r - a +0 cloak (melded)
Scrolls
 e - a scroll of random uselessness {unknown}
 g - a scroll of recharging {unknown}
 h - a scroll of enchant armour {unknown}
 k - 2 scrolls of magic mapping {unknown}
 n - 2 scrolls of identify {unknown}
 o - a scroll of fog {unknown}
 q - a scroll of noise {unknown}
Comestibles
 f - a bread ration
 l - a royal jelly
 m - a fruit
 s - 4 chunks of flesh
 u - a meat ration


   Skills:
 + Level 2.7 Fighting
 + Level 4.2 Long Blades
 + Level 1.9 Throwing
 + Level 0.1 Armour
 + Level 3.2 Dodging
 + Level 0.2 Stealth


You had 3 spell levels left.
You didn't know any spells.

Dungeon Overview and Level Annotations

Branches:
Dungeon (3/15)

Altars:


Innate Abilities, Weirdness & Mutations

((You are partially covered in molten scales. (AC +2)))


Message History

The orc hits you from afar with a trident.
* * * LOW HITPOINT WARNING * * *
Something hits you but does no damage.
You closely miss something. The orc hits you but does no damage.
Something hits you but does no damage.
You closely miss something. The orc hits you but does no damage.
Something hits you but does no damage.
You aren't carrying any potions.
You miss something.
Your transformation is almost over.
You hear some strange, mumbled words.
A puff of flame appears from out of thin air!
The puff of flame hits you!
* * * LOW HITPOINT WARNING * * *
The orc hits you but does no damage.
You barely miss something.
You hear some strange, mumbled words.
A puff of flame appears from out of thin air!
The puff of flame hits you!
You die...

. .. ...
....##
#...### #..(#
# ###♣# #.#
#{## .
#§..##oo# ...
#..oog##..$≈≈
####ggg....≈≈
##gg.#..≈≈
###.....?
#.<... #.o..


You could see an orc wizard, 3 orcs, a hobgoblin and 5 goblins.

Vanquished Creatures
  An orc wizard (D:3)
  Jessica (D:2)
  An adder (D:2)
  An ooze (D:2)
  3 worms (D:2)
  3 dart slugs (D:1)
  2 orcs (D:3)
  3 bats
  A giant cockroach (D:3)
  4 goblins
  6 hobgoblins
  4 jackals (D:2)
  3 kobolds
  2 quokkas
  A ball python (D:2)
  3 frilled lizards
  3 rats
42 creatures vanquished.

Notes
Turn   | Place    | Note
-------+----------+-------------------------------------------
     0 | D:1      | polly the Demonspawn Gladiator began the quest for the Orb.
     0 | D:1      | Reached XP level 1. HP: 16/16 MP: 1/1
   420 | D:1      | Reached skill level 3 in Long Blades
   424 | D:1      | Gained mutation: You are partially covered in molten scales. (AC +2) [demonic ancestry]
   424 | D:1      | Reached XP level 2. HP: 12/22 MP: 2/2
   844 | D:2      | Noticed Jessica
   905 | D:2      | Reached XP level 3. HP: 28/28 MP: 3/3
  1226 | D:2      | Killed Jessica
  1226 | D:2      | Reached XP level 4. HP: 34/34 MP: 4/4
  1276 | D:2      | Reached skill level 4 in Long Blades
  1459 | D:3      | Killed from afar by an orc wizard

Vault maps used:
D:1:      scummos_arrival_checkerplants, kennysheep_crisscross
D:2:      uniq_jessica
D:3:      kennysheep_the_goblin_king, first_bread, serial_park_tiny_pond

Skill      XL: |  1  2  3  4 |
---------------+-------------+-----
Long Blades    | 3 4 |  4.2
Dodging        | 3 |  3.2
Fighting       | |  2.7
Throwing       | |  1.9
Armour         | |  0.1
Stealth        | |  0.2

Action                   |  1- 3 |  4- 6 || total
-------------------------+-------+-------++-------
Melee: Long sword        |    68 |    81 ||   149
  Use: Potion            |       |     6 ||     6
 Stab: Sleeping          |     1 |       ||     1
  Eat: Chunk             |       |     2 ||     2
Armor: Leather armour    |    18 |    33 ||    51
       Skin              |       |    47 ||    47
Dodge: Dodged            |    51 |    51 ||   102
       Rpst.: Long sword |    16 |    11 ||    27
